 Dungeon Crawl Stone Soup version 0.31-a0-1626-g5cb510d322 (webtiles) character file.

Game seed: 16967036469027900611

2395 Pooter the Cleaver (level 9, -2/81 HPs)
             Began as a Minotaur Fighter on Jan 12, 2024.
             Was a Follower of Makhleb.
             Slain by a yak (8 damage)
             ... on level 6 of the Dungeon.
             The game lasted 00:20:35 (6916 turns).

Pooter the Cleaver (Minotaur Fighter)               Turns: 6916, Time: 00:20:35

Health: -2/81      AC:  8    Str: 23    XL:     9   Next: 22%
Magic:  10/10      EV:  7    Int:  5    God:    Makhleb [*.....]
Gold:   284        SH: 15    Dex: 19    Spells: 7/8 levels left

rFire   . . .        a - +0 war axe
rCold   . . .        u - +0 tower shield
rNeg    . . .        p - +0 scale mail of the Kangaroo {Int-2 Dex+9}
rPois   .            (helmet restricted)
rElec   .            (no cloak)
rCorr   .            y - +0 pair of gloves
SInv    .            (no boots)
Will    .....        (no amulet) Stlth
                     (no ring)
HPRegen 0.33/turn    (no ring)
MPRegen 0.12/turn

%: no passive effects
@: no status effects
A: horns 2, retaliatory headbutt
a: Renounce Religion


You were on level 6 of the Dungeon.
You worshipped Makhleb.
Makhleb was aware of your devotion.
You visited 1 branch of the dungeon, and saw 6 of its levels.

You collected 379 gold pieces.
You spent 95 gold pieces at shops.

Inventory:

Hand Weapons
 a - a +0 war axe (weapon)
 d - a +2 morningstar
   (You took it off a wight on level 3 of the Dungeon)
 q - a +1 hand axe of flaming
   (You found it on level 3 of the Dungeon)
Missiles
 r - a dart of dispersal {!f}
 v - 8 poisoned darts (quivered)
 x - 6 javelins
 B - a boomerang
 Q - 50 stones
Armour
 b - a +0 scale mail
 c - a +0 buckler
 k - an orb of light
   (You found it on level 1 of the Dungeon)
 p - the +0 scale mail of the Kangaroo (worn) {Int-2 Dex+9}
   (You found it on level 2 of the Dungeon)

   Int-2:     It affects your intelligence (-2).
   Dex+9:     It affects your dexterity (+9).
 u - a +0 tower shield (worn)
   (You found it on level 4 of the Dungeon)
 y - a +0 pair of gloves (worn)
   (You found it on level 5 of the Dungeon)
Jewellery
 s - an amulet of magic regeneration
   (You found it on level 3 of the Dungeon)
Wands
 i - a wand of roots (6)
   (You found it on level 5 of the Dungeon)
 n - a wand of polymorph (6)
   (You found it on level 2 of the Dungeon)
 A - a wand of mindburst (12)
   (You bought it in a shop on level 5 of the Dungeon)
Scrolls
 g - 2 scrolls of summoning
 h - a scroll of noise {!r}
 l - 2 scrolls of fear
 t - 2 scrolls of teleportation {@r4}
Potions
 e - 3 potions of mutation {!q}
 f - 3 potions of curing {unknown}
 j - 2 potions of enlightenment {unknown}
 m - a potion of heal wounds {unknown}
 o - 2 potions of ambrosia {unknown}
 w - a potion of attraction {unknown}
 z - 3 potions of might
 C - a potion of degeneration {unknown}


   Skills:
 + Level 7.9 Fighting
 * Level 10.2 Axes
 - Level 3.6 Armour
 + Level 6.3 Shields
 + Level 1.0 Translocations
 + Level 3.5 Invocations
 - Level 3.2 Evocations


You had 7 spell levels left.
You knew the following spells:

 Your Spells              Type           Power      Damage    Failure   Level
c - Apportation           Tloc           2%         N/A       99%         1

Your spell library contained the following spells:

 Spells                   Type           Power      Damage    Failure   Level
 Necrotise                Necr           0%         1d4       100%        1
 Sting                    Conj/Alch      0%         1d3       100%        1
 Summon Small Mammal      Summ           0%         N/A       100%        1
 Blink                    Tloc           2%         N/A       100%        2
 Lesser Beckoning         Tloc           2%         N/A       100%        2
 Momentum Strike          Conj/Tloc      0%         3d8       100%        2
 Scorch                   Fire           0%         2d5       100%        2
 Inner Flame              Hex/Fire       0%         N/A       100%        3
 Flame Wave               Conj/Fire      0%         2d4       100%        4
 Irradiate                Conj/Alch      0%         3d11      100%        5
 Summon Cactus Giant      Summ           0%         N/A       100%        6
 Ignition                 Fire           0%         3d3       100%        8


Dungeon Overview and Level Annotations

Branches:
Dungeon (6/15) Zot: 25771  Temple (0/1) D:5

Altars:
Cheibriados
Elyvilon
Hepliaklqana
Kikubaaqudgha
Makhleb
Okawaru
Sif Muna
Trog
Uskayaw
Xom

Shops:
D:5 *


Innate Abilities, Weirdness & Mutations

You have a pair of horns on your head.
You reflexively headbutt those who attack you in melee.


Message History

Found a stone staircase leading down.
Found 2 potions of might.
z - 3 potions of might (gained 2)
Found a stone staircase leading down. 4 yaks come into view.
The yak bellows! x3
Okay, then.
You slash the yak! You hit the yak but do no damage. You hit the yak.
You block the yak's attack. The yak gores you!
You hit the yak. You headbutt the yak. You closely miss the yak.
The yak gores you. The yak gores you but does no damage.
You hit the yak but do no damage. You headbutt the yak. You hit the yak.
The yak completely misses you. The yak gores you but does no damage.
You block the yak's attack. x2
You hit the yak but do no damage. You headbutt the yak, but do no damage.
You hit the yak. The yak gores you but does no damage.
You block the yak's attack.
You hit the yak. Your headbutt misses the yak. You hit the yak.
You block the yak's attack. The yak gores you!
You closely miss the yak. You hit the yak. You block the yak's attack. x2
You hit the yak. Your headbutt misses the yak. You slash the yak!
You kill the yak!
Makhleb accepts your kill. You block the yak's attack.
You closely miss the yak. You headbutt the yak!
You hit the yak but do no damage. You block the yak's attack. x2
You closely miss the yak. x2; The yak gores you!
The yak gores you but does no damage.
You slash the yak! You headbutt the yak. You hit the yak.
You block the yak's attack. The yak gores you but does no damage.
You slash the yak! You closely miss the yak. The yak gores you!
* * * LOW HITPOINT WARNING * * *
The yak gores you!
* * * LOW HITPOINT WARNING * * *
You barely miss the yak. You headbutt the yak!
You kill the yak!
Makhleb accepts your kill.
You hit the yak. The yak gores you.
* * * LOW HITPOINT WARNING * * *
You block the yak's attack. x2
Your Translocations skill increases to level 1!
You slash the yak! You headbutt the yak, but do no damage.
You barely miss the yak. The yak gores you.
* * * LOW HITPOINT WARNING * * *
The yak barely misses you.
You hit the yak. You slash the yak! The yak gores you!
* * * LOW HITPOINT WARNING * * *
The yak gores you!
You die...

#..## ..#..#
#...# .....#
#...# #....#
#.... #....##
#....
#..#..#######....
#..............#.
##.>.# ####...##.
#@..# ###.#..
#..YY#.## #....
#....####..#
#...# ##.. ##.##
#...#. ## #..#
#...#. ##.#
###...#.
#.#####..###.#
##..##.........
##.......#.###.#


You could see 2 yaks.

Vanquished Creatures
  Sigmund (D:5)
  2 yaks (D:6)
  Pargi (D:3)
  2 black bears
  An ogre (D:5)
  A phantom (D:6)
  3 scorpions
  2 bullfrogs (D:6)
  9 wights
  2 bombardier beetles (D:4)
  5 jellies
  4 orc priests
  4 iguanas
  3 orc wizards (D:6)
  2 sleepcaps
  Natasha (D:4)
  6 adders
  4 ufetubi
  3 dart slugs
  A ribbon worm (D:2)
  10 orcs
  7 bats
  8 endoplasms
  4 giant cockroaches
  5 goblins
  8 hobgoblins
  4 jackals (D:2)
  13 kobolds
  12 ball pythons
  4 frilled lizards
  4 rats
136 creatures vanquished.

Vanquished Creatures (collateral kills)
  An endoplasm (D:2)
1 creature vanquished.

Grand Total: 137 creatures vanquished

Notes
Turn   | Place    | Note
-------+----------+-------------------------------------------
     0 | D:1      | Pooter the Minotaur Fighter began the quest for the Orb.
     0 | D:1      | Reached XP level 1. HP: 19/19 MP: 0/0
   120 | D:1      | Reached skill level 3 in Axes
   142 | D:1      | Reached XP level 2. HP: 25/27 MP: 1/1
  1000 | D:2      | Reached XP level 3. HP: 17/33 MP: 2/2
  1119 | D:2      | Reached skill level 4 in Axes
  1370 | D:2      | Found a faded altar of an unknown god.
  1431 | D:2      | Reached XP level 4. HP: 17/41 MP: 3/3
  1779 | D:2      | Identified the +0 scale mail of the Kangaroo {Int-2 Dex+9}
  1981 | D:3      | Reached skill level 5 in Axes
  2128 | D:3      | Reached skill level 1 in Evocations
  2387 | D:3      | Noticed Pargi
  2399 | D:3      | Killed Pargi
  2400 | D:3      | Reached skill level 5 in Fighting
  2400 | D:3      | Reached XP level 5. HP: 21/48 MP: 4/4
  2733 | D:3      | Found a shimmering blue altar of Sif Muna.
  2766 | D:3      | Found an iron altar of Okawaru.
  2777 | D:3      | Reached skill level 6 in Axes
  2777 | D:3      | Reached XP level 6. HP: 39/56 MP: 5/5
  3270 | D:4      | Noticed a +0 spear
  3270 | D:4      | Noticed a +0 spear
  3272 | D:4      | Noticed a +0 dagger
  3273 | D:4      | Noticed a +0 short sword
  3273 | D:4      | Noticed a +0 falchion
  3273 | D:4      | Noticed a +0 short sword
  3273 | D:4      | Noticed a +0 falchion
  3273 | D:4      | Noticed a +0 dagger
  3298 | D:4      | Reached skill level 7 in Axes
  3298 | D:4      | Reached XP level 7. HP: 47/62 MP: 6/6
  3459 | D:4      | Found a hide-covered altar of Uskayaw.
  3497 | D:4      | Noticed Natasha
  3505 | D:4      | Killed Natasha
  3587 | D:4      | Found an ancient bone altar of Kikubaaqudgha.
  4080 | D:4      | Found a snail-covered altar of Cheibriados.
  4193 | D:4      | Found a burning altar of Makhleb.
  4193 | D:4      | Found a bloodstained altar of Trog.
  4193 | D:4      | Found a snail-covered altar of Cheibriados.
  4193 | D:4      | Found a snail-covered altar of Cheibriados.
  4193 | D:4      | Found a white marble altar of Elyvilon.
  4193 | D:4      | Found a hazy altar of Hepliaklqana.
  4271 | D:4      | Became a worshipper of Makhleb the Destroyer
  4459 | D:5      | Entered Level 5 of the Dungeon
  4547 | D:5      | Found a staircase to the Ecumenical Temple.
  4662 | D:5      | Found Kaostogg's Assorted Antiques.
  4739 | D:5      | Bought a jewelled silver wand for 76 gold pieces
  4739 | D:5      | Bought a scroll labelled FUNLUE FOMNAAL for 19 gold pieces
  4827 | D:5      | Reached skill level 8 in Axes
  4959 | D:5      | Reached skill level 1 in Invocations
  4959 | D:5      | Reached XP level 8. HP: 65/71 MP: 7/7
  5075 | D:5      | Found a shimmering altar of Xom.
  5390 | D:5      | Noticed Sigmund
  5395 | D:5      | Killed Sigmund
  5396 | D:5      | Reached skill level 5 in Shields
  5818 | D:6      | Reached skill level 9 in Axes
  6349 | D:6      | Reached * piety under Makhleb
  6363 | D:6      | Learned a level 1 spell: Apportation
  6377 | D:6      | Reached XP level 9. HP: 79/80 MP: 10/10
  6420 | D:6      | Reached skill level 10 in Axes
  6915 | D:6      | Reached skill level 1 in Translocations
  6916 | D:6      | Slain by a yak

Illustrated notes

Levels and vault maps discovered:
D:1:      lemuel_arrival_lava_pool, layout_loops_corners
D:2:      cheibrodos_pilgrimage, layout_loops_ring,
          chequers_ecumenical_altar_grove, chequers_mini_garden
D:3:      layout_loops_ring, lemuel_crystal_altar, general_overflow_altar,
          uniq_pargi
D:4:      cheibrodos_fertilizer, layout_loops_ring,
          nicolae_kikubaaqudgha_miasma_corner, chei_slow_surprise,
          nicolae_uskayaw_en_pointe, uniq_natasha
D:5:      layout_basic, dk_xom_monty_hall, minmay_temple_entry_tees,
          serial_shops, shop, uniq_sigmund
D:6:      layout_layer_cave, nicolae_titane

Skill      XL: |  1  2  3  4  5  6  7  8  9 |
---------------+----------------------------+-----
Axes           | 3 4 5 6 7 8 9 10 | 10.2
Fighting       | 4 5 6 7 |  7.9
Evocations     | 1 2 3 |  3.2
Shields        | 4 5 6 |  6.3
Invocations    | 1 3 |  3.5
Translocations | 1 |  1.0
Armour         | |  3.6

Action                     |  1- 3 |  4- 6 |  7- 9 || total
---------------------------+-------+-------+-------++-------
  Melee: War axe           |    94 |    57 |   176 ||   327
         Headbutt          |    10 |    11 |    47 ||    68
  Throw: Stone             |       |     6 |       ||     6
         Dart              |       |       |    10 ||    10
  Evoke: Wand              |       |       |     1 ||     1
    Use: Scroll            |     1 |     3 |     2 ||     6
         Potion            |       |     1 |       ||     1
 Armour: Scale mail        |    63 |    52 |    89 ||   204
  Dodge: Dodged            |    49 |    24 |    24 ||    97
  Block: Buckler           |    26 |    11 |     2 ||    39
         Tower shield      |       |       |   137 ||   137

Table legend: (Time is in decaauts)
 A = Elapsed time spent in this place.
 B = Non-inter-level travel time spent in this place.
 C = Inter-level travel time spent in this place.
 D = Time resting spent in this place.
 E = Time spent auto-exploring this place.
 F = Levels seen in this place.
 G = Mean time per level.
                   A        B        C        D        E       F      G
               +--------+--------+--------+--------+--------+-----+--------+
         Total |   7022 |   6699 |    323 |   1016 |   4642 |   6 | 1170.3 |
       Dungeon |   7022 |   6699 |    323 |   1016 |   4642 |   6 | 1170.3 |
               +--------+--------+--------+--------+--------+-----+--------+

Top non-repeatable levels by time:
     D:4: 1432 daAuts
     D:5: 1263 daAuts
     D:6: 1227 daAuts
     D:2: 1191 daAuts
     D:3: 1014 daAuts
     D:1: 893 daAuts
